[Event "1st FIDE Olympiad DIS 2023"]
[Site "Belgrade"]
[Date "2023.02.03"]
[Round "5.24"]
[White "Ilic, Slobodan S"]
[Black "Morariu, Ionel"]
[Result "1-0"]
[ECO "A33"]
[WhiteElo "2027"]
[BlackElo "1915"]
[Annotator "TA"]
[PlyCount "77"]
[EventDate "2023.01.30"]
[EventType "team-tourn"]
[EventCountry "SRB"]
[SourceTitle "playchess.com"]
[Source "ChessBase"]
[SourceQuality "1"]
[WhiteTeam "Serbia"]
[BlackTeam "Romania"]
[WhiteTeamCountry "BIH"]
[BlackTeamCountry "ROU"]
[TimeControl "40/5400+30:1800+30"]

1. Nf3 Nf6 2. g3 e6 3. Bg2 Be7 4. O-O O-O 5. c4 c5 6. Nc3 Nc6 7. d4 cxd4 8. Nxd4 a6 9. b3 Qa5 10. Bb2 {[%emt 0:01:07] A33: Symmetrical English: 2 Nf3 Nf6 3 d4 cxd4 4 Nxd4 e6 5 Nc3 Nc6.} Rd8 11. e3 {[%emt 0:04:40] [#]} Bb4 $146 ({Predecessor:} 11... Rb8 12. Re1 Nxd4 13. exd4 d5 14. c5 b6 15. Na4 bxc5 16. Nxc5 Bxc5 17. dxc5 Qxc5 18. Bxf6 gxf6 {1-0 Rodriguez Lopez,R (2312)-Espineira Gonzalez,D (2267) Pontevedra op 21st 2008 (6)}) 12. Rc1 {[%emt 0:02:15] White is better.} Bf8 13. Qe2 (13. Na4 $16) 13... Qc7 (13... Nxd4 $14 14. exd4 d5) 14. Rfd1 $16 d6 15. Qd3 Bd7 16. Qb1 (16. Nd5 $16 exd5 17. cxd5 Nxd5 18. Bxd5) 16... Rac8 {[%emt 0:00:38] [#]} (16... Nxd4 $14 17. exd4 (17. Rxd4 g6 $14) 17... g6) 17. Nd5 $1 {[%emt 0:06:10] White has more active pieces.} Qb8 {[%emt 0:04:00][%mdl 8192] Black cannot hold the game after this.} (17... Nxd5 $16 18. cxd5 exd5) 18. Nxf6+ gxf6 19. Nxc6 Bxc6 20. Bxf6 Rd7 {[%emt 0:06:51] Black is weak on the dark squares} 21. Bxc6 Rxc6 22. Qe4 {[%emt 0:00:22] Qg4+ would kill now.} Bg7 23. Qg4 $40 {[%emt 0:00:04][%csl Gf6][%cal Rg4g7][%mdl 128] Black is in trouble.} Qf8 24. Rd2 h5 25. Qh4 (25. Qxh5 Bxf6 26. Rd3 Rd8 $17) 25... Rc5 (25... Bxf6 $142 26. Qxf6 Qg7) 26. Rcd1 Bxf6 27. Qxf6 Rf5 28. Qc3 h4 29. Rd4 {[%emt 0:04:05] And now Rg4+ would win.} hxg3 $2 (29... Qg7 {is a better defense.} 30. e4 Rc5) 30. Rg4+ $18 {[%emt 0:00:20][%mdl 64] [#] Zwischenzug, Double Attack} (30. fxg3 Qg7 31. Qd3 Qe5 $16) 30... Kh7 31. Rh4+ ({Not} 31. Rxg3 Rh5 32. e4 Qh6 $18) (31. fxg3 Qh6 32. Qd3 (32. Rh4 Rh5 $16) 32... Kh8 33. Qc3+ (33. Rh4 Rh5 $16) 33... Kh7 $18) (31. hxg3 Rh5 32. Qf6 Qh8 33. Qxh8+ Kxh8 $18) 31... Kg6 32. hxg3 {[%emt 0:00:29] Kg2 would be deadly.} Rh5 $2 (32... Rg5 33. Qd4 (33. Rh8 Qg7 $18) 33... e5) 33. Rxh5 Kxh5 {[%emt 0:00:19][%mdl 4096] Endgame KQR-KQR} 34. Kg2 $2 (34. Qf6 {mates} Qg7 35. Qxg7 f5 36. Qxd7 Kh6 37. Qxe6+ Kg7 38. Rxd6 Kf8 39. Rd7 b5 40. Qf7#) 34... f6 $2 (34... f5 {might work better.} 35. Rd4 Kg6) 35. Qd4 {[%emt 0:03:46] Intending Qe4 and mate.} Kg6 36. Qe4+ Kf7 37. Rh1 {[%emt 0:02:18] aiming for Rh7+.} f5 $2 (37... Ke8 38. Qxe6+ Kd8) 38. Rh7+ {[%emt 0:01:39][%mdl 64] Skewer} Kf6 39. Qh4+ {[%emt 0:00:21] Weighted Error Value: White=0.32/Black=1.02} (39. Rxd7 $2 {loses.} fxe4 40. Rxb7 d5 41. cxd5 exd5 $19) 1-0

[Event "1st FIDE Olympiad DIS 2023"]
[Site "Belgrade"]
[Date "2023.02.03"]
[Round "5.25"]
[White "Nikac, Predrag"]
[Black "Rivas Cabrera, Edgar"]
[Result "1-0"]
[ECO "B26"]
[WhiteElo "2285"]
[BlackElo "1987"]
[Annotator "TA"]
[PlyCount "119"]
[EventDate "2023.01.30"]
[EventType "team-tourn"]
[EventCountry "SRB"]
[SourceTitle "playchess.com"]
[Source "ChessBase"]
[SourceQuality "1"]
[WhiteTeam "Montenegro"]
[BlackTeam "Venezuela"]
[WhiteTeamCountry "MNE"]
[BlackTeamCountry "VEN"]
[TimeControl "40/5400+30:1800+30"]

1. e4 c5 2. Nc3 Nc6 3. Nge2 g6 4. g3 Bg7 5. Bg2 d6 6. d3 e6 7. O-O Nge7 8. Be3 Nd4 9. Rb1 O-O {[%emt 0:06:10] 9...0-0 is better than 9...Nec6.} 10. a3 {[%emt 0:15:14] B26: Closed Sicilian: 3 g3, lines with early Be3.} e5 11. b4 {[%emt 0:12:55] [#]} cxb4 $146 ({Predecessor:} 11... b6 12. f4 Be6 13. bxc5 dxc5 14. fxe5 Bxe5 15. Nf4 Bd7 16. Qd2 Bc6 17. Rbe1 Qd6 {½-½ Oratovsky,M (2465)-Zugic,I (2335) North Bay op 1998 (7)}) 12. axb4 {[%emt 0:00:42] The position is equal.} Nxe2+ 13. Nxe2 Be6 14. c4 Qd7 15. Qd2 f5 16. Bg5 Kh8 17. Bxe7 (17. exf5 {is interesting.} gxf5 18. d4 f4 19. gxf4 Bxc4 20. dxe5 h6 21. Bf6) 17... Qxe7 18. exf5 gxf5 19. f4 e4 20. Rfe1 Qf7 (20... Rac8 $11) 21. dxe4 $14 fxe4 22. Nc3 (22. Qxd6 Rad8 23. Qc5 Bxc4 $17) (22. Bxe4 Bxc4 23. Nc3 (23. Qxd6 $2 Rad8 $19) 23... Rac8 $14) 22... Bxc4 23. Nxe4 Rad8 24. Rbd1 (24. Nxd6 $6 Qc7 25. Red1 b5 $11) 24... Qg8 25. Nxd6 {[%emt 0:03:30][%mdl 64] Discovered Attack} Bb3 {[%emt 0:00:36] [#]} 26. Bd5 $1 Rxd6 27. Bxg8 {[%emt 0:00:07][%mdl 64] Discovered Attack} Rxd2 28. Bxb3 Rb2 29. Rd3 Bf6 30. Red1 Re8 31. R1d2 Re1+ ({Black should try} 31... Rxd2 $14 32. Rxd2 Re4) 32. Kg2 Reb1 {[%emt 0:00:13] [#]} (32... Re3 $16 {was called for.} 33. Rxe3 Rxd2+ 34. Kf3 Kg7) 33. Rxb2 $1 $18 Rxb2+ {[%emt 0:00:08][%mdl 4096] Endgame KRB-KRB} 34. Kh3 b5 (34... h5 $142 35. b5 a5 36. bxa6 bxa6) 35. Kg4 Be7 36. Kf5 {[%emt 0:03:05] Threatens to win with Re3.} Kg7 37. Rd7 (37. Rc3 $18 {has better winning chances.}) 37... Kf8 $16 38. Be6 {[%emt 0:02:07] Rb7 is the strong threat.} Rxh2 39. Rxa7 {[%emt 0:01:40] And now Ra8+ would win.} Bxb4 40. Rf7+ Ke8 41. Rb7 Be1 42. g4 (42. Rxb5 $2 {too greedy.} Rh5+ 43. Ke4 Rxb5 $19) 42... Bd2 43. Bd7+ Kd8 (43... Kf8 $1 $11 {remains equal.}) 44. Bxb5 Rf2 45. Rd7+ ({Much worse is} 45. Rxh7 $6 Rxf4+ 46. Ke6 Re4+ 47. Kd5 Re7 $11) 45... Kc8 46. Rd4 $1 {[%emt 0:00:00] White is more active.} ({Don't play} 46. Rxh7 $6 Rxf4+ 47. Ke5 Rb4 $11) 46... h6 47. Be8 Kc7 48. Bf7 Kc6 49. Bb3 Kc5 50. Rc4+ Kd6 51. Re4 Bc1 52. Rd4+ Ke7 53. Rc4 Bd2 54. Ke5 (54. Ba4 $16) 54... h5 $2 {[%emt 0:01:45] This costs Black the game.} 55. g5 {[%emt 0:01:13][%cal Bg4g5,Bg5g6][%mdl 32] Black must now prevent g6.} Kf8 $2 (55... Rf3) 56. Bc2 $2 (56. g6 {aiming for Kf6.} Ba5 57. Rc8+ Kg7 58. Kf5) 56... Kg8 $2 (56... h4 57. Bf5 Rf3) 57. Bf5 (57. Bd3 $142 Kf8 58. Rc8+ Ke7 59. Rc7+ Kd8 60. Rf7) 57... Kg7 (57... Rf3 $18 58. Kf6 Bc3+ 59. Kg6 Kf8) 58. Rc7+ {[%emt 0:00:17] White mates.} Kf8 59. Kf6 Re2 60. g6 {[%emt 0:00:57] Weighted Error Value: White=0.28 (precise) /Black=0.41} 1-0

[Event "1st FIDE Olympiad DIS 2023"]
[Site "Belgrade"]
[Date "2023.02.03"]
[Round "5.26"]
[White "Otero Munelo, Harlen Jose"]
[Black "Ivanovic, Milan"]
[Result "1-0"]
[ECO "E61"]
[WhiteElo "2099"]
[BlackElo "1908"]
[Annotator "TA"]
[PlyCount "73"]
[EventDate "2023.01.30"]
[EventType "team-tourn"]
[EventCountry "SRB"]
[SourceTitle "playchess.com"]
[Source "ChessBase"]
[SourceQuality "1"]
[WhiteTeam "Venezuela"]
[BlackTeam "Montenegro"]
[WhiteTeamCountry "VEN"]
[BlackTeamCountry "MNE"]
[TimeControl "40/5400+30:1800+30"]

1. c4 e5 2. Nc3 Nf6 3. g3 g6 4. Bg2 Bg7 5. e3 O-O 6. Nge2 d6 7. O-O c6 8. d4 Nbd7 9. b3 Re8 10. Ba3 Nf8 (10... exd4 $11 11. exd4 Nb6) 11. Qc2 {[%emt 0:05:33] E61: King's Indian: Early deviations for White, including Smyslov System.} (11. d5 $5 ) 11... exd4 12. Nxd4 c5 {[%emt 0:23:23] [#]} 13. Nde2 {[%emt 0:04:00] [#] White is much more active. The black rooks are badly placed. White is better.} Bf5 $146 ({Predecessor:} 13... Qa5 14. Bb2 Bf5 15. Qc1 Ne4 16. Nd5 Nd7 17. Bxg7 Kxg7 18. g4 Bxg4 19. f3 Qd2 20. Qxd2 Nxd2 {1-0 Lafuente,P (2587)-Khosla,S (2337) Mumbai Mayors Cup 3rd 2010 (11)}) 14. e4 Bd7 15. Rad1 Qc7 16. h3 Rad8 17. Rd2 Bc6 18. Rfd1 Ne6 19. Bb2 Ng5 20. f3 a6 21. Kh2 h5 22. h4 Ngh7 (22... Ne6 $14) 23. Nf4 $16 b5 24. Bf1 ({Better is} 24. cxb5 $16 axb5 25. a4) 24... b4 $14 25. Ncd5 $36 {[%emt 0:00:44][%mdl 2048] White fights for an advantage.} Nxd5 26. Nxd5 Bxd5 27. Rxd5 Nf6 28. R5d3 Re7 {[%emt 0:02:16] [#] A mistake that costs the game.} ({Black should play} 28... Nd7 $14) 29. e5 $1 $18 Ne8 30. f4 Bf8 $2 (30... f6) 31. Ba1 {[%emt 0:02:37] Strongly threatening exd6.} a5 $2 (31... Bg7 32. Qd2 f5 33. exd6 Rxd6) 32. Bg2 {[%emt 0:03:01] exd6 would be deadly.} Qb6 33. exd6 Rxd6 (33... Red7 34. f5 (34. Qb2 Bg7 $11) 34... gxf5) 34. Rxd6 ({Not} 34. Qb2 Rd4 $18) 34... Nxd6 35. Qb2 {[%emt 0:00:13][%csl Ga1][%cal Rb2h8] White mates.} f5 36. Bd5+ {[%emt 0:00:47] A strong pair of Bishops.} Nf7 37. Qh8# {Weighted Error Value: White=0.24 (precise) /Black=0.60} 1-0

[Event "1st FIDE Olympiad DIS 2023"]
[Site "Belgrade"]
[Date "2023.02.03"]
[Round "5.27"]
[White "Damjanovic, Radovan"]
[Black "Abiad Parra, Victor"]
[Result "0-1"]
[ECO "C50"]
[WhiteElo "1807"]
[BlackElo "1855"]
[Annotator "NA COMBH"]
[PlyCount "100"]
[EventDate "2023.01.30"]
[EventType "team-tourn"]
[EventCountry "SRB"]
[SourceTitle "playchess.com"]
[Source "ChessBase"]
[SourceQuality "1"]
[WhiteTeam "Montenegro"]
[BlackTeam "Venezuela"]
[WhiteTeamCountry "MNE"]
[BlackTeamCountry "VEN"]
[TimeControl "40/5400+30:1800+30"]

1. e4 e5 2. Nf3 Nc6 3. Bc4 Bc5 4. O-O Nf6 5. d4 Bxd4 6. Nxd4 Nxd4 7. Bg5 h6 8. Bh4 Qe7 9. Kh1 g5 $19 10. c3 Ne6 11. Bg3 d6 12. f3 Bd7 13. Na3 a6 14. Bf2 O-O 15. Nc2 Ng7 16. Qd2 Be6 17. Bd3 Nd7 18. Ne3 f6 19. Bc2 Qf7 20. Nd5 Bxd5 21. exd5 f5 22. c4 Nf6 23. b4 Qh5 24. Bd1 Qg6 25. c5 h5 26. cxd6 cxd6 27. Be2 h4 28. h3 Nfh5 29. Kg1 Nf4 30. Be3 Nxe2+ 31. Qxe2 Nh5 32. Bf2 Nf4 33. Qd2 Qf7 34. Rfd1 Rac8 35. Be3 Rc4 36. Bxf4 gxf4 37. a3 Rfc8 38. Qf2 Qe7 39. Ra2 Qg5 40. Qd2 Qg3 41. Kf1 Rc3 42. Qf2 Qxf2+ 43. Kxf2 R8c4 44. Kf1 Kf7 45. Ke1 Rc2 46. Rxc2 Rxc2 47. Rd2 Rxd2 48. Kxd2 e4 49. Kc3 e3 50. Kd3 Kf6 0-1

[Event "1st FIDE Olympiad DIS 2023"]
[Site "Belgrade"]
[Date "2023.02.03"]
[Round "5.28"]
[White "Monterrey, Henry"]
[Black "Lacmanovic, Radenko"]
[Result "1-0"]
[ECO "C60"]
[WhiteElo "1759"]
[BlackElo "1349"]
[Annotator "NA COMBH"]
[PlyCount "53"]
[EventDate "2023.01.30"]
[EventType "team-tourn"]
[EventCountry "SRB"]
[SourceTitle "playchess.com"]
[Source "ChessBase"]
[SourceQuality "1"]
[WhiteTeam "Venezuela"]
[BlackTeam "Montenegro"]
[WhiteTeamCountry "VEN"]
[BlackTeamCountry "MNE"]
[TimeControl "40/5400+30:1800+30"]

1. e4 e5 2. Nf3 Nc6 3. Bb5 Nge7 4. O-O a6 5. Ba4 b5 6. Bb3 h6 7. c3 d6 8. d4 Bg4 9. h3 Bh5 10. a4 b4 11. d5 Bxf3 12. Qxf3 Na5 13. cxb4 Nxb3 14. Qxb3 c6 15. Nc3 Qb6 16. dxc6 Nxc6 17. Nd5 Qb7 18. Be3 Rb8 19. Bb6 a5 20. b5 Nb4 21. Nc7+ Ke7 22. Bxa5 Nc6 23. Nd5+ Ke8 24. Bc7 Nd4 25. Qd3 Rc8 26. b6 Ne6 27. Qb5+ 1-0

[Event "1st FIDE Olympiad DIS 2023"]
[Site "Belgrade"]
[Date "2023.02.03"]
[Round "5.29"]
[White "Banda Aaron"]
[Black "Jimenez Moron, Elias"]
[Result "1-0"]
[ECO "D30"]
[WhiteElo "1901"]
[BlackElo "1967"]
[Annotator "TA"]
[PlyCount "99"]
[EventDate "2023.01.30"]
[EventType "team-tourn"]
[EventCountry "SRB"]
[SourceTitle "playchess.com"]
[Source "ChessBase"]
[SourceQuality "1"]
[WhiteTeam "Zambia"]
[BlackTeam "Panama"]
[WhiteTeamCountry "ZAM"]
[BlackTeamCountry "PAN"]
[TimeControl "40/5400+30:1800+30"]

1. d4 d5 2. Nf3 Nf6 3. e3 e6 4. Bd3 Nbd7 5. Nbd2 Be7 6. c4 c6 7. b3 O-O 8. O-O Bd6 {[%emt 0:01:54] D30: Queen's Gambit Declined: Systems without Nc3.} 9. Bb2 Re8 10. Ne5 Bf8 {[%emt 0:01:46] White is slightly better.} 11. f4 {[%emt 0:04:13] White is much more active. The black rooks are badly placed.} g6 {[%emt 0:02:59] [#]} 12. g4 $146 ({Predecessor:} 12. c5 Bg7 13. b4 a6 14. a4 Qc7 15. Qe2 Rf8 16. Bc3 Nxe5 17. fxe5 {1-0 Weiler,D (2172)-Beck,M (1909) Wiesbaden op 24th 2012 (4)}) 12... Bg7 13. g5 Ne4 14. Nxe4 dxe4 15. Bxe4 f6 16. Nxd7 Bxd7 17. h4 Rc8 (17... e5 $142) 18. Rf2 f5 19. Bf3 b6 20. h5 Qe7 21. h6 Bh8 22. Qd2 Rcd8 23. Re1 Qf7 24. e4 c5 $2 (24... fxe4 {was called for.} 25. Bxe4 Rf8) 25. e5 $18 cxd4 26. Bxd4 ({Weaker is} 26. Qxd4 Bc8 $18) 26... Bc8 {[%emt 0:00:07] Black is weak on the dark squares} 27. Qe3 Bb7 28. Rd2 Re7 29. Red1 Qe8 30. Bc3 Rxd2 31. Rxd2 Kf7 32. Bb4 Rd7 33. Rxd7+ Qxd7 34. Bxb7 Qxb7 {[%emt 0:00:01][%mdl 4096] Endgame KQB-KQB} 35. Qd3 {[%emt 0:00:41] [#] Intending Qd8 and mate.} Qc7 {[%emt 0:01:16] Wards off Qd8} 36. Qd6 Qxd6 37. Bxd6 {[%emt 0:00:13] Threatening mate with a4. KB-KB} Ke8 38. b4 Kd7 39. a4 {[%emt 0:00:32][%cal Ba2a4,Ba4b5][%mdl 32] [#] White threatens b5 and mate.} a6 40. Bf8 {[%emt 0:00:35] White mates.} Bxe5 41. fxe5 {[%emt 0:31:40] KB-KP} Kc6 42. b5+ axb5 43. axb5+ Kb7 44. Bd6 Ka7 45. Kf2 Kb7 46. Ke3 Ka7 47. Bb4 Kb7 48. Kd4 Kc7 49. Bd2 Kd7 50. c5 {[%emt 0:00:24] Black got outplayed after the opening.   Weighted Error Value: White=0.10 (very precise) /Black=0.73} 1-0

[Event "1st FIDE Olympiad DIS 2023"]
[Site "Belgrade"]
[Date "2023.02.03"]
[Round "5.30"]
[White "Osorio, Jesus Camilo"]
[Black "Nkhupi Robert"]
[Result "1-0"]
[ECO "D02"]
[WhiteElo "1859"]
[BlackElo "1738"]
[Annotator "NA COMBH"]
[PlyCount "95"]
[EventDate "2023.01.30"]
[EventType "team-tourn"]
[EventCountry "SRB"]
[SourceTitle "playchess.com"]
[Source "ChessBase"]
[SourceQuality "1"]
[WhiteTeam "Panama"]
[BlackTeam "Zambia"]
[WhiteTeamCountry "PAN"]
[BlackTeamCountry "ZAM"]
[TimeControl "40/5400+30:1800+30"]

1. d4 c6 2. Nf3 d5 3. c3 Bf5 4. Bf4 Nf6 5. Nbd2 e6 6. Qb3 Qb6 7. e3 Nbd7 8. Be2 c5 9. O-O (9. Qxb6 $14 Nxb6 10. Nh4) 9... Be7 (9... c4 $11 10. Qxb6 axb6) 10. h3 (10. Nh4 $14) 10... O-O (10... c4 $5 11. Qxb6 axb6 $11) 11. Nh4 Bg6 (11... Be4 $1 $11 {should be considered.}) 12. Nxg6 hxg6 13. Qxb6 axb6 14. Bb5 Rfd8 $14 15. Bg5 Kf8 16. Rfe1 e5 17. Nf3 e4 18. Nd2 Nh5 19. Bxe7+ Kxe7 20. b3 f5 21. c4 Rdc8 22. Bxd7 Kxd7 23. cxd5 cxd4 24. Nc4 Rxc4 25. bxc4 d3 26. Reb1 Ra6 27. Kf1 Kd6 28. Rb5 Nf6 29. Ke1 g5 30. Kd2 Nd7 31. Kc3 Kc7 32. d6+ Kxd6 33. Rxf5 Nc5 34. a3 Ra5 35. Rd5+ Kc6 36. f3 b5 37. Rd8 bxc4 38. Kxc4 b5+ 39. Kc3 Ra4 40. Rc8+ Kd6 41. Kb2 Rc4 42. Rc1 Kd5 43. fxe4+ Nxe4 44. Rd8+ Nd6 45. Rd1 Ke5 46. Rxd3 Nf5 47. R3d5+ Kf6 48. Rf8+ 1-0

[Event "1st FIDE Olympiad DIS 2023"]
[Site "Belgrade"]
[Date "2023.02.04"]
[Round "6.1"]
[White "Gruenfeld, Yehuda"]
[Black "Tazbir, Marcin"]
[Result "1/2-1/2"]
[ECO "B60"]
[WhiteElo "2414"]
[BlackElo "2507"]
[Annotator "TA"]
[PlyCount "78"]
[EventDate "2023.01.30"]
[EventType "team-tourn"]
[EventCountry "SRB"]
[SourceTitle "playchess.com"]
[Source "ChessBase"]
[SourceQuality "1"]
[WhiteTeam "Israel"]
[BlackTeam "Poland"]
[WhiteTeamCountry "ISR"]
[BlackTeamCountry "POL"]
[TimeControl "40/5400+30:1800+30"]

1. e4 c5 2. Nf3 Nc6 3. Nc3 d6 4. d4 cxd4 5. Nxd4 Nf6 6. Bg5 e6 7. Qd2 Qb6 8. Nb3 a6 {[%emt 0:03:10] Nowadays more popular than 8...Be7.} 9. Be2 {[%emt 0:06:12] B60: Sicilian: Richter-Rauzer: Unusual Black 6th moves and 6...Bd7 without 7 Qd2.} Qc7 10. a4 Be7 11. a5 {[%emt 0:01:44] White is slightly better.} Bd7 12. O-O {[%emt 0:08:38] [#]} Rc8 $146 ({Predecessor:} 12... Nb4 13. Be3 Bc6 14. Bb6 Qc8 15. Nd4 d5 16. Nxc6 Qxc6 17. exd5 Nbxd5 18. Nxd5 Nxd5 {1-0 Reichelt,M-Smikalla,R Bochum Post op 1992 (4)}) 13. f4 O-O 14. Rad1 Rfd8 15. Bxf6 Bxf6 16. Qxd6 Qxd6 17. Rxd6 Be7 18. Rd2 Be8 19. Rxd8 Rxd8 20. Rd1 Rxd1+ 21. Nxd1 Bd8 22. e5 Nxa5 23. Nxa5 Bxa5 $11 {[%emt 0:00:04][%mdl 4096] Endgame KBB-KBN} 24. Bf3 b5 25. Kf1 g5 26. fxg5 Bc7 27. Nf2 Bxe5 28. b4 Bxh2 29. Ng4 Bd6 30. Nf6+ Kf8 31. Bb7 Bxb4 {[%emt 0:00:41] [#] ...a5 would be deadly.} 32. Nxe8 Kxe8 33. Bxa6 {[%emt 0:00:07] KB-KB} Bd2 34. Bxb5+ Kf8 $1 35. Bd3 Kg7 36. g4 Bxg5 37. Kg2 Be3 38. Kf3 Bb6 39. Bb5 Kf6 {[%emt 0:00:54] Weighted Error Value: White=0.08 (flawless) /Black=0.02 (flawless)} 1/2-1/2

[Event "1st FIDE Olympiad DIS 2023"]
[Site "Belgrade"]
[Date "2023.02.04"]
[Round "6.1"]
[White "Jankunas, Tomas"]
[Black "Alam, Khorshed"]
[Result "1-0"]
[ECO "B19"]
[WhiteElo "2127"]
[BlackElo "2065"]
[Annotator "TA"]
[PlyCount "75"]
[EventDate "2023.01.30"]
[EventType "team-tourn"]
[EventCountry "SRB"]
[SourceTitle "playchess.com"]
[Source "ChessBase"]
[SourceQuality "1"]
[WhiteTeam "Lithuania"]
[BlackTeam "Bangladesh"]
[WhiteTeamCountry "LTU"]
[BlackTeamCountry "BAN"]
[TimeControl "40/5400+30:1800+30"]

1. e4 c6 2. d4 d5 3. Nd2 dxe4 4. Nxe4 Bf5 5. Ng3 Bg6 6. h4 h6 7. Nf3 Nd7 8. h5 Bh7 9. Bd3 Bxd3 10. Qxd3 e6 11. Bd2 Ngf6 12. O-O-O Qc7 13. Ne4 Nxe4 14. Qxe4 Nf6 15. Qe2 Bd6 16. c4 {[%emt 0:07:34] 16.Kb1 is becoming the main line. B19: Classical Caro-Kann: 4...Bf5 main line.} Bf4 17. Ne5 Bxd2+ 18. Rxd2 {[%emt 0:00:16] The position is equal.} O-O-O 19. Rhd1 Rhe8 {[%emt 0:01:25] [#]} 20. g4 $146 ({Predecessor:} 20. Rd3 Re7 21. Rg3 Rg8 22. Qf3 Ne8 23. Qa3 Kb8 24. Kb1 Nd6 25. Rc3 Rd8 26. g4 {1-0 Dvoirys,S (2535)-Perez Garcia,H (2245) Groningen op 1994 (8)}) 20... c5 (20... Re7 $14) 21. dxc5 $18 Rxd2 22. Rxd2 Re7 (22... Rd8 $142 23. Qe3 (23. Rxd8+ Kxd8 24. b4 Ke7 $16) 23... Rxd2 24. Kxd2 Ne8) 23. b4 b6 $2 {[%emt 0:11:03] [#]} (23... Nd7) 24. Qf3 $1 {[%emt 0:13:32] Qa8+ would kill now.} Qb7 {[%emt 0:04:57] Wards off Qa8+} 25. Qxb7+ Kxb7 {[%emt 0:00:02][%mdl 4096] Endgame KRN-KRN} 26. c6+ Kc7 27. f3 {[%emt 0:00:19] Against Ne4} Ne8 28. Kc2 f6 (28... f5 {might work better.} 29. Ng6 Rf7) 29. Ng6 Rf7 30. b5 Nd6 (30... e5 $142 31. Kc3 Nd6) 31. Nf4 Re7 32. Re2 {[%emt 0:00:03] Nd5+ is the strong threat.} Nxc4 33. Nd5+ {[%emt 0:00:36][%mdl 64] [#] Pin, Double Attack} Kd6 34. Nxe7 Kxe7 35. Kc3 Nd6 36. a4 e5 37. Rd2 {[%emt 0:01:04] Intending c7 and mate.} Ke6 38. c7 {[%emt 0:00:18] White took control after the opening.   Weighted Error Value: White=0.40/Black=0.75} 1-0

[Event "1st FIDE Olympiad DIS 2023"]
[Site "Belgrade"]
[Date "2023.02.04"]
[Round "6.2"]
[White "Molenda, Marcin"]
[Black "Streltsov, Alexey"]
[Result "1/2-1/2"]
[ECO "D27"]
[WhiteElo "2381"]
[BlackElo "2317"]
[Annotator "TA"]
[PlyCount "130"]
[EventDate "2023.01.30"]
[EventType "team-tourn"]
[EventCountry "SRB"]
[SourceTitle "playchess.com"]
[Source "ChessBase"]
[SourceQuality "1"]
[WhiteTeam "Poland"]
[BlackTeam "Israel"]
[WhiteTeamCountry "POL"]
[BlackTeamCountry "ISR"]
[TimeControl "40/5400+30:1800+30"]

1. d4 d5 2. c4 dxc4 3. e3 Nf6 4. Bxc4 e6 5. Nf3 c5 6. O-O a6 7. Nbd2 Nbd7 {[%emt 0:00:38] D27: Queen's Gambit Accepted: Classical main line: 7 e4!? and 7 a4.} 8. e4 b5 9. e5 bxc4 10. exf6 Nxf6 11. Nxc4 cxd4 12. Bf4 Bc5 13. b4 {[%emt 0:01:50][%mdl 64] Deflection} Be7 {[%emt 0:00:05] [#]} 14. Nxd4 $146 ({Predecessor:} 14. Nfe5 Bd7 15. Nxd7 Nxd7 16. Nd6+ Kf8 17. Qxd4 Bf6 18. Qe4 Bxa1 19. Rxa1 Ra7 20. Rc1 {1-0 Song,M (2408)-Sheng,J (2487) Charlotte CCCSA Spring GM-A 2022 (4)}) 14... Bb7 {[%emt 0:00:24] Dodges Nc6} 15. Na5 {[%emt 0:14:32] Excellent horsemanship.} Bd5 16. Ndc6 Qd7 17. Nxe7 Qxe7 18. Qd4 O-O 19. Bg5 Rfd8 20. Qh4 Rac8 21. Rfc1 h6 22. Bxf6 Qxf6 23. Qxf6 gxf6 24. a3 Kg7 25. f3 Kg6 26. Kf2 Kf5 27. Ke3 h5 28. a4 h4 29. b5 Ke5 (29... axb5 $11 {remains equal.} 30. axb5 Rxc1 31. Rxc1 Rg8) 30. b6 $1 $16 (30. bxa6 $6 f5 $14) 30... Kd6 31. b7 Rxc1 (31... Rc7 $16) 32. Rxc1 {[%emt 0:00:02][%mdl 4096] Endgame Hoping for Rc8. KRB-KRN} Kd7 {[%emt 0:00:04] Inhibits Rc8.} 33. h3 f5 (33... Rb8 $16) 34. Kf4 $1 $18 f6 35. g3 $1 e5+ $2 (35... hxg3 36. Kxg3 Re8) 36. Kxf5 hxg3 37. Kxf6 $2 ({Better is} 37. Nc6 $1 $18 Bxc6 38. Rd1+ Ke7 39. Rxd8 Bxb7 40. Rg8) 37... Bxf3 $2 {[%emt 0:02:28] [#]} (37... Rf8+ $11 {and Black is okay.} 38. Kxe5 Bxf3) 38. Kxe5 $2 ({White must play} 38. Rc3 $1 $18 {[%cal Rc3d3] Rd3+ would be deadly.} Bd5 39. Nc6 (39. Rxg3 Kd6 $16) (39. Kxe5 g2 $11) 39... Rf8+ 40. Kg7 Rg8+ 41. Kh7) 38... g2 $11 39. Kd4 $2 {[%emt 0:02:29][%mdl 8192] [#]} (39. Nb3 $11 Rh8 40. Nc5+ Kc7 41. Rg1 (41. Nxa6+ $2 Kxb7 42. Nc5+ Ka7 $17) (41. Rb1 Be2 $11)) 39... Rg8 $2 (39... Bd1 $1 {mates} 40. Kd3 g1=Q 41. Rc8 Qf1+ 42. Ke4 Rxc8 43. bxc8=R Kxc8 44. Kd4 Qf2+ 45. Kd3 Qe2+ 46. Kc3 Qe5+ 47. Kd3 Qxa5 48. Ke4 Kd7 49. Kf4 Qe1 50. h4 Ke7 51. Kf5 Qxh4 52. Kg6 Bc2+ 53. Kg7 Qh7#) 40. Rg1 Kc7 {[%emt 0:00:18][%cal Oc7b8][%mdl 1024] Black has compensation.} 41. Ke3 Bd5 (41... Bxb7 42. Nxb7 Rg3+ 43. Kf4 (43. Kf2 Rxh3 44. Na5 Kb6 $11) 43... Rxh3 44. Nc5 $11) 42. Kf2 $2 (42. Kd4 $17) 42... Rf8+ $19 43. Kg3 (43. Ke2 Kb6 $19) 43... Kb6 ({Weaker is} 43... Bxb7 44. Nxb7 Kxb7 45. Rxg2 $16 (45. Kxg2 Rf4 $16)) 44. Rd1 Bxb7 $2 (44... g1=R+ $19 45. Rxg1 Kxa5) 45. Nxb7 {[%emt 0:00:00] KRN-KR. The position is equal.} Rf1 ({Don't play} 45... Rg8+ 46. Kh2 Kxb7 47. Rg1 $16) 46. Rd6+ Kxb7 47. Kxg2 $11 {[%emt 0:00:00] KR-KR} Rf4 48. Kg3 Rxa4 49. h4 Ra1 50. Rd2 Kc6 51. h5 Re1 52. h6 a5 53. Rh2 Re8 54. Rh5 (54. h7 $5 Rh8 $8 55. Rh6+ Kd5 56. Rh4 $11) 54... Kb6 55. Kf4 (55. h7 $5 Rh8 $8 56. Rh6+ Kc5 57. Rh5+ Kb6 58. Rh4 $11 (58. Rh6+ Kc5 $11)) 55... a4 56. Kf5 Kb5 57. Kf6+ Kb4 58. h7 Rh8 59. Kg7 Rxh7+ 60. Rxh7 {[%emt 0:00:00] KR-KP} a3 61. Kf6 a2 62. Rh1 Kc3 63. Ke5 Kb2 64. Kd4 a1=Q 65. Rxa1 Kxa1 {[%emt 0:00:00] Weighted Error Value: White=0.29 (precise) /Black=0.41} 1/2-1/2